 Dungeon Crawl Stone Soup version 0.18.1-48-g4cf74bf (webtiles) character file.

109 sdOOK the Covered (level 4, -2/42 HPs)
             Began as a Deep Dwarf Fighter on Sept 4, 2016.
             Killed by nerve-wracking pain
             ... invoked by an orc priest
              (10 damage)
             ... on level 3 of the Dungeon.
             The game lasted 00:08:24 (1748 turns).

sdOOK the Covered (Deep Dwarf Fighter)              Turns: 1748, Time: 00:08:25

Health: -2/42      AC:  7    Str: 20    XL:     4   Next: 60%
Magic:  4/4        EV:  8    Int:  9    God:
Gold:   115        SH: 10    Dex: 12    Spells: 0 memorised, 3 levels left

rFire  . . .     SeeInvis .     a - +3 war axe
rCold  . . .     Gourm    .     b - +0 scale mail
rNeg   . . .     Faith    .     c - +1 shield
rPois  .         Spirit   .     (no helmet)
rElec  .         Dismiss  .     (no cloak)
rCorr  .         Reflect  .     (no gloves)
SustAt .         Harm     .     (no boots)
MR     .....                    (no amulet)
Stlth  ..........               (no ring)
                                (no ring)

@: non-regenerating, not resistant to hostile enchantments, extremely unstealthy
A: damage resistance, recharge devices, sense surroundings 1, slow regeneration
3
a: Device Recharging


You were on level 3 of the Dungeon.
You were not hungry.

You visited 1 branch of the dungeon, and saw 3 of its levels.

You collected 115 gold pieces.

Inventory:

Hand Weapons
 a - a +3 war axe (weapon)
Armour
 b - a +0 scale mail (worn)
 c - a +1 shield (worn)
 n - a +0 ring mail
Wands
 e - a wand of heal wounds (3/9)
Scrolls
 h - 4 scrolls of remove curse
Potions
 d - a potion of might
 j - a potion of curing
Comestibles
 f - a bread ration
 g - 4 chunks of flesh


   Skills:
 + Level 3.3 Fighting
 + Level 3.2 Axes
 + Level 4.0 Armour
 + Level 1.2 Dodging
 + Level 3.9 Shields
 + Level 0.6 Evocations


You had 3 spell levels left.
You didn't know any spells.

Dungeon Overview and Level Annotations

Branches:
Dungeon (3/15)

Altars:
Kikubaaqudgha
Trog


Innate Abilities, Weirdness & Mutations

You are resistant to damage.
You can recharge devices by infusing magical energy.
You passively map a small area around you.
You do not regenerate naturally.


Message History

The orc priest hits you but does no damage.
You block the orc wizard's attack.
You barely miss the orc priest.
The orc priest is almost dead.
You barely miss the orc wizard.
The orc wizard is moderately wounded.
The orc priest hits you but does no damage.
You block the orc wizard's attack.
You hit the orc priest but do no damage.
The orc priest is almost dead.
You closely miss the orc wizard.
The orc wizard is moderately wounded.
The orc wizard barely misses you.
The orc priest mumbles some strange prayers to Beogh against you.
Beogh smites you!
* * * LOW HITPOINT WARNING * * *
The orc wizard hits you but does no damage.
The orc priest invokes the aid of Beogh against you.
Pain shoots through your body!
You die...

, , *## * * *.. ,, .#
,* *, ,*########.# * *
....#...# , * #.....#*
* , ** #.)...# , *
#.oo..#####?. #
######.@..........
#.###.^..^......####.,
#...(<#####...#.# ***
#.....#####...#.#
#.............#.#
#.###########.#'#######
# #..............)....#
#.......###.........#
#.......# #.........#


You could see an orc priest and an orc wizard.

Vanquished Creatures
  4 gnolls (D:2)
  3 adders (D:3)
  A dart slug (D:1)
  2 giant geckos
  2 orcs (D:3)
  A ball python (D:3)
  6 goblins
  4 hobgoblins
  2 jackals (D:1)
  A quokka (D:2)
  3 bats
  2 giant newts (D:2)
  6 kobolds
  4 rats
41 creatures vanquished.

Notes
Turn   | Place    | Note
--------------------------------------------------------------
     0 | D:1      | sdOOK the Deep Dwarf Fighter began the quest for the Orb.
     0 | D:1      | Reached XP level 1. HP: 20/20 MP: 1/1
   257 | D:1      | Reached XP level 2. HP: 25/27 MP: 2/2
   964 | D:2      | Reached XP level 3. HP: 26/34 MP: 3/3
   976 | D:2      | HP: 1/34 [gnoll/spear (4)]
  1002 | D:2      | Found an ancient bone altar of Kikubaaqudgha.
  1010 | D:2      | Became a worshipper of Kikubaaqudgha
  1014 | D:2      | Fell from the grace of Kikubaaqudgha
  1127 | D:2      | Found a bloodstained altar of Trog.
  1373 | D:2      | Reached skill level 1 in Dodging
  1603 | D:3      | Reached XP level 4. HP: 32/42 MP: 4/4
  1740 | D:3      | Reached skill level 4 in Armour
  1748 | D:3      | Killed from afar by an orc priest

Skill      XL: |  1  2  3  4 |
---------------+-------------+-----
Fighting       | 3 |  3.3
Dodging        | 1 |  1.2
Axes           | 3 |  3.2
Armour         | 4 |  4.0
Shields        | |  3.9
Evocations     | |  0.6

Action                   |  1- 3 |  4- 6 || total
-------------------------+-------+-------++-------
Melee: War axe           |    87 |    40 ||   127
Invok: Renounce Religion |     1 |       ||     1
Evoke: Wand              |     2 |       ||     2
  Use: Scroll            |     6 |     2 ||     8
       Potion            |     2 |       ||     2
  Eat: Bread ration      |     1 |       ||     1
       Chunk             |     1 |       ||     1
Armor: Scale mail        |    56 |    21 ||    77
       Ring mail         |     2 |       ||     2
Dodge: Dodged            |    40 |     9 ||    49
Block: Shield            |    76 |    24 ||   100
